 Dungeon Crawl Stone Soup version 0.29.1-14-g9c671dbff4 (webtiles) character file.

Game seed: 12675761713323958328

3650 MacCMillion the Destroyer (level 9, -3/62 HPs)
             Began as a Yellow Draconian Conjurer on Feb 16, 2023.
             Was a Follower of Sif Muna.
             Killed from afar by a steam dragon (19 damage)
             ... with a ball of steam
             ... on level 7 of the Dungeon.
             The game lasted 00:19:39 (11396 turns).

MacCMillion the Destroyer (DrCj)                   Turns: 11396, Time: 00:19:39

Health: -3/62      AC: 10    Str:  9    XL:     9   Next: 88%
Magic:  8/16       EV: 12    Int: 24    God:    Sif Muna [*.....]
Gold:   233        SH:  0    Dex: 15    Spells: 10/17 levels left

rFire   . . .      SeeInvis .   g - staff of conjuration
rCold   . . .      Faith    .   (no shield)
rNeg    . . .      Spirit   .   (body armour unavailable)
rPois   .          Reflect  .   (helmet restricted)
rElec   .          Harm     .   (no cloak)
rCorr   +          Rampage  .   D - +0 pair of gloves
Will    .....                   j - +1 pair of boots
Stlth   ++........              (no amulet)
HPRegen 0.20/turn               e - +4 ring of slaying
MPRegen 0.15/turn               w - +6 ring of dexterity

@: studying Throwing
A: spit acid, AC +7, unfitting armour, cold-blooded, acid resistance
a: Breathe Acid, Renounce Religion, Channel Magic


You were on level 7 of the Dungeon.
You worshipped Sif Muna.
Sif Muna was aware of your devotion.
You visited 2 branches of the dungeon, and saw 8 of its levels.
You also visited: Sewer.

You collected 233 gold pieces.

Inventory:

Hand Weapons
 h - a +4 dagger
 A - a +6 spear
Missiles
 z - 2 throwing nets
Armour
 j - a +1 pair of boots (worn)
 D - a +0 pair of gloves (worn)
Magical Staves
 g - a staff of conjuration (weapon)
Jewellery
 e - a +4 ring of slaying (left hand)
 w - a +6 ring of dexterity (right hand)
Wands
 s - a wand of paralysis (7)
 v - a wand of flame (4)
 B - a wand of roots (12)
Scrolls
 a - 3 scrolls of enchant weapon
 c - 2 scrolls of identify
 d - 2 scrolls of noise
 f - 5 scrolls of teleportation
 l - 3 scrolls of fear
 m - 2 scrolls of blinking {unknown}
 p - 3 scrolls of enchant armour
 u - a scroll of torment {unknown}
 y - a scroll of poison {unknown}
 C - a scroll of magic mapping {unknown}
Potions
 b - 6 potions of curing
 i - a potion of might
 k - a potion of heal wounds
 n - 5 potions of mutation
 o - a potion of haste
 q - a potion of magic
 r - a potion of brilliance
 t - a potion of cancellation {unknown}
 x - a potion of ambrosia {unknown}


   Skills:
 - Level 1.8 Dodging
 - Level 1.8 Stealth
 + Level 4.8 Spellcasting
 + Level 11.8 Conjurations
 - Level 5.0 Hexes
 - Level 5.0 Invocations


You had 10 spell levels left.
You knew the following spells:

 Your Spells              Type           Power      Damage    Failure   Level
a - Magic Dart            Conj           100%       1d8       1%          1
b - Searing Ray           Conj           100%       2d8       1%          2
c - Fulminant Prism       Conj/Hex       31%        3d16      2%          4

Your spell library contained the following spells:

 Spells                   Type           Power      Damage    Failure   Level
 Dazzling Flash           Conj/Hex       100%       N/A       1%          3
 Flame Wave               Conj/Fire      50%        2d12      8%          4
 Iskenderun's Mystic Bla  Conj/Tloc      50%        2d11      8%          4
 Sting                    Tmut/Pois      20%        1d4       9%          1
 Poisonous Vapours        Pois/Air       10%        N/A       14%         2
 Scorch                   Fire           10%        2d5       14%         2
 Gell's Gravitas          Tloc           5%         N/A       26%         3
 Lesser Beckoning         Tloc           5%         N/A       26%         3
 Teleport Other           Tloc           5%         N/A       26%         3
 Olgreb's Toxic Radiance  Pois           5%         N/A       65%         4
 Summon Cactus Giant      Summ           2%         N/A       100%        6


Dungeon Overview and Level Annotations

Branches:
Dungeon (7/15)             Temple (1/1) D:5           Sewer (visited)

Altars:
Cheibriados
Dithmenos
Elyvilon
Fedhas
Hepliaklqana
Makhleb
Nemelex Xobeh
Qazlal
Ru
Sif Muna
Wu Jian
Xom
Zin
The Shining One

Shops:
D:3 !   D:6 (   D:7 *

Annotations:
D:2 Sigmund
D:3 exclusion: centaur
D:7 Maggie


Innate Abilities, Weirdness & Mutations

You can spit globs of acid.
Your golden yellow scales are hard. (AC +7)
You cannot fit into any form of body armour.
You are cold-blooded and may be slowed by cold attacks.
You are resistant to acid. (rCorr)


Message History

A steam dragon is nearby!
Casting: Searing Ray (safe; 1% risk of failure)
Confirm with . or Enter, or press ? or * to list all spells.
Aiming: Searing Ray (safe; 1% risk of failure)
Press: ? - help, Shift-Dir - straight line, f - steam dragon
Aim: a steam dragon (wandering, hasn't noticed you, 83% to hit)
You feel a surge of power!
The searing ray hits the steam dragon!
The steam dragon is moderately wounded. (Press . to maintain the ray.)
The searing ray hits the steam dragon.
The steam dragon is moderately wounded.
The steam dragon breathes steam at you. The ball of steam hits you!!
You hear a bark!
The searing ray hits the steam dragon.
The steam dragon is heavily wounded.
You are engulfed in a cloud of scalding steam.
The searing ray hits the steam dragon.
The steam dragon is severely wounded.
You finish channelling your searing ray.
You are engulfed in a cloud of scalding steam.
The hound is engulfed in a cloud of scalding steam.
The steam dragon bites you. The steam dragon claws you.
Casting: Searing Ray (safe; 1% risk of failure)
Confirm with . or Enter, or press ? or * to list all spells.
You don't know that spell.
You are engulfed in a cloud of scalding steam.
* * * LOW HITPOINT WARNING * * *
The hound is engulfed in a cloud of scalding steam.
Casting: Searing Ray (safe; 1% risk of failure)
Confirm with . or Enter, or press ? or * to list all spells.
Aiming: Fulminant Prism (dangerous; 2% risk of failure)
Press: ? - help, Dir - move target, p - steam dragon You feel a surge of power!
You conjure a prism of explosive energy!
A fulminant prism comes into view.
The hound closely misses you. The steam dragon breathes steam at you.
The ball of steam hits you!!
You die...

.#.##.###.###.##.###.###.#####.##
#.###.# #.# #.##.........# #.#
### #.###.###.######.##### ##'##
#.........# #.# ##...# #
#.###.###.######.# ##..... ##
#..##.# #.##.....## ##......
<####...#.###.##.##...####.......
.'.....................[))).[...)
.####....####.##@.#...####.......
## #.........##Dh##.## ##...... #
####.#######*.....# ##..... #.#
#..###.# ######### #.# #..# #.#
#8...(.## #.# ##..# #.# #[.≈≈≈..#
#.# ####...###.# #.≈§§§≈.# #.#
#.......##.# #∩≈§≈≈§.. ###
####[###...# #.≈§§§≈..


You could see a steam dragon (catching breath, ally target), a hound and a
friendly fulminant prism.

Vanquished Creatures
  2 hornets (D:7)
  A shadow (D:5)
  3 wyverns
  2 water moccasins
  Pargi (Sewer)
  2 ice beasts
  An orc warrior (D:7)
  4 black bears
  An ogre (D:5)
  2 kobold brigands (D:5)
  A gnoll sergeant (D:5)
  A bullfrog (D:7)
  2 scorpions
  7 killer bees
  A howler monkey (D:7)
  An electric eel (D:7)
  2 jellies
  A gnoll bouda (D:7)
  3 hounds
  5 orc priests
  7 iguanas
  3 orc wizards
  4 gnolls (D:5)
  12 adders
  4 white imps (D:7)
  An ufetubus (D:7)
  2 worms
  3 dart slugs
  22 orcs
  6 ball pythons
  3 bats (D:1)
  7 endoplasms
  7 giant cockroaches
  6 goblins
  11 hobgoblins
  4 jackals (D:4)
  9 kobolds
  3 quokkas
  5 frilled lizards
  3 rats
165 creatures vanquished.

Notes
Turn   | Place    | Note
-------+----------+-------------------------------------------
     0 | D:1      | MacCMillion the Draconian Conjurer began the quest for the
                  | Orb.
     0 | D:1      | Reached XP level 1. HP: 14/14 MP: 3/3
   203 | D:1      | Reached XP level 2. HP: 20/20 MP: 3/5
   206 | D:1      | Learned a level 2 spell: Searing Ray
   232 | D:1      | Found a faded altar of an unknown god.
  1378 | D:2      | Reached XP level 3. HP: 26/26 MP: 2/7
  1599 | D:2      | Noticed Sigmund
  1907 | D:2      | Reached skill level 5 in Conjurations
  1907 | D:2      | Reached XP level 4. HP: 33/33 MP: 3/8
  2652 | D:3      | Found a glowing drain.
  2656 | Sewer    | Entered a sewer
  2718 | Sewer    | Noticed Pargi
  2731 | Sewer    | Killed Pargi
  2732 | Sewer    | Reached XP level 5. HP: 27/38 MP: 4/9
  3237 | D:3      | Found Pidytz's Distillery.
  3242 | D:3      | Noticed a centaur
  3370 | D:3      | Learned a level 4 spell: Fulminant Prism
  4090 | D:4      | Reached skill level 6 in Conjurations
  4090 | D:4      | Reached XP level 6. HP: 33/45 MP: 3/10
  4812 | D:5      | Entered Level 5 of the Dungeon
  4816 | D:5      | Noticed a water moccasin
  4823 | D:5      | Killed a water moccasin
  4903 | D:5      | Found a white marble altar of Elyvilon.
  4924 | D:5      | Found a staircase to the Ecumenical Temple.
  4931 | Temple   | Entered the Ecumenical Temple
  4944 | Temple   | Became a worshipper of Sif Muna the Loreminder
  5009 | D:5      | Your scales start taking on a golden yellow colour.
  5009 | D:5      | Reached XP level 7. HP: 18/50 MP: 4/11
  5009 | D:5      | Gained mutation: You are resistant to acid. (rCorr) [Yellow
                  | Draconian growth]
  5011 | D:5      | HP: 2/50 [killer bee (2)]
  5277 | D:5      | Noticed a wyvern
  5289 | D:5      | Reached skill level 7 in Conjurations
  5340 | D:5      | Killed a wyvern
  5610 | D:5      | Found a shimmering altar of Xom.
  5649 | D:5      | Reached skill level 5 in Hexes
  5708 | D:5      | Found a burning altar of Makhleb.
  5943 | D:5      | Reached skill level 8 in Conjurations
  5943 | D:5      | Reached XP level 8. HP: 57/57 MP: 6/12
  6153 | D:5      | Found an ornate altar of the Wu Jian Council.
  6281 | D:5      | Reached skill level 9 in Conjurations
  6974 | D:5      | Reached skill level 10 in Conjurations
  7470 | D:5      | Reached * piety under Sif Muna
  7713 | D:6      | Found Iffoun's Weapon Shop.
  8208 | D:5      | Reached XP level 9. HP: 57/62 MP: 8/13
  8295 | D:5      | Reached skill level 11 in Conjurations
  8550 | D:6      | Reached skill level 1 in Invocations
  9028 | D:6      | Found Iffoun's Weapon Shop.
  9373 | D:6      | Found Iffoun's Weapon Shop.
  9945 | D:7      | Noticed a two-headed ogre
 10590 | D:7      | Found Jeecs's Assorted Antiques.
 10718 | D:7      | Noticed Maggie
 11020 | D:7      | Reached skill level 5 in Invocations
 11396 | D:7      | Killed from afar by a steam dragon

Illustrated notes

Levels and vault maps discovered:
D:1:      dpeg_arrival_leaves_temple_mockup, layout_basic,
          chequers_ecumenical_altar_simple_redux, corexii_corridor_pit
D:2:      layout_rooms, uniq_sigmund
D:3:      layout_rooms, gup_sewer_entry_bowl, serial_shops, shop
D:4:      layout_basic, minmay_misc_feat_diagonals
D:5:      cheibrodos_thug_alley, layout_basic, elyvilon_altar_1,
          xom_butterflies, pdpol_wu_jian_five_deadly_venoms, kennysheep_mini,
          minmay_temple_entry_wispy, minmay_manual_monstrance
D:6:      layout_rooms, serial_shops, shop
D:7:      nzn_winding_woodlands_large [nzn_winding_woodlands_hourglass,
          nzn_winding_woodlands_5x15_pockets, nzn_winding_woodlands_5x5_three,
          nzn_winding_woodlands_center_pierced_h,
          nzn_winding_woodlands_15x15_killbox,
          nzn_winding_woodlands_center_diamonds,
          nzn_winding_woodlands_5x5_closed_star,
          nzn_winding_woodlands_5x15_river_crossing,
          nzn_winding_woodlands_5x5_open_star], layout_loops_corners,
          serial_shops, nicolae_lakefront_shop, uniq_maggie
Temple:   compressed_dpeg_triangle_lava_temple

Skill      XL: |  1  2  3  4  5  6  7  8  9 |
---------------+----------------------------+-----
Spellcasting   | 3 4 |  4.8
Conjurations   | 5 6 8 10 11 | 11.8
Hexes          | 2 3 5 |  5.0
Invocations    | 5 |  5.0
Dodging        | |  1.8
Stealth        | |  1.8

Action                   |  1- 3 |  4- 6 |  7- 9 || total
-------------------------+-------+-------+-------++-------
Melee: Staff             |     1 |     1 |     3 ||     5
 Cast: Magic Dart        |    66 |    61 |    88 ||   215
       Searing Ray       |     2 |    16 |    66 ||    84
       Fulminant Prism   |       |       |     1 ||     1
 Abil: Breathe Acid      |       |       |     3 ||     3
  Use: Potion            |       |     1 |     3 ||     4
       Scroll            |       |       |    10 ||    10
Armor: Skin              |     6 |    18 |    29 ||    53
Dodge: Dodged            |     8 |    22 |    78 ||   108
